 Dungeon Crawl Stone Soup version 0.31-a0-1178-gc5c9b8f871 (webtiles) character file.

Game seed: 10860953518486190753

6 Curundu the Poker (level 1, 0/18 HPs)
             Began as a Merfolk Berserker on Dec 12, 2023.
             Was a Follower of Trog.
             Slain by a quokka (4 damage)
             ... on level 1 of the Dungeon.
             The game lasted 00:00:48 (94 turns).

Curundu the Poker (Merfolk Berserker)                 Turns: 94, Time: 00:00:48

Health: 0/18       AC:  2    Str: 17    XL:     1   Next: 90%
Magic:  1/1        EV: 12    Int:  6    God:    Trog [*.....]
Gold:   10         SH:  0    Dex: 13    Spells: 0/0 levels left

rFire   . . .        a - +0 spear
rCold   . . .        (no shield)
rNeg    . . .        b - +0 animal skin
rPois   .            (no helmet)
rElec   .            (no cloak)
rCorr   .            (no gloves)
SInv    .            (no boots)
Will    .....        (no amulet)
Stlth   +            (no ring)
HPRegen 0.23/turn    (no ring)
MPRegen 0.07/turn

%: no passive effects
@: no status effects
A: (nimble swimmer 2), mertail
a: Renounce Religion, Berserk


You were on level 1 of the Dungeon.
You worshipped Trog.
Trog was aware of your devotion.
You visited 1 branch of the dungeon, and saw 1 of its levels.

You collected 10 gold pieces.

Inventory:

Hand Weapons
 a - a +0 spear (weapon)
Missiles
 f - 2 javelins (quivered)
Armour
 b - a +0 animal skin (worn)
Scrolls
 e - a scroll of teleportation {unknown}
Potions
 c - 2 potions of invisibility {unknown}
 d - a potion of might {unknown}


   Skills:
 + Level 3.4 Fighting
 + Level 4.2 Polearms
 + Level 1.4 Armour
 + Level 2.8 Dodging


You couldn't memorise any spells.
You didn't know any spells.
Your spell library was empty.

Dungeon Overview and Level Annotations

Branches:
Dungeon (1/15)

Altars:


Innate Abilities, Weirdness & Mutations

((You are very nimble when in or above water. (Stealth+, EV+, Speed+++)))
Your lower body shifts to a powerful aquatic tail in water.


Message History

You hit the rat.
You kill the rat!
Trog accepts your kill.
A rat comes into view.
The ball python completely misses you. The ball python misses you.
The ball python closely misses you. x2
You see here a rat corpse.
The rat squeaks loudly.
You hit the ball python but do no damage.
The ball python bites you but does no damage.
The ball python grabs you. The ball python constricts you.
The quokka bites you.
You escape the ball python's grasp.
The ball python bites you. The ball python barely misses you.
The endoplasm attacks as it pursues you!
The endoplasm barely misses you.
You hit the endoplasm.
The endoplasm is almost dead.
The endoplasm freezes you.
You are frozen.
You completely miss the endoplasm.
The endoplasm is almost dead.
The endoplasm hits you.
You hit the endoplasm.
You kill the endoplasm!
Trog accepts your kill.
You barely miss the quokka. The quokka closely misses you.
You hit the quokka but do no damage.
The quokka bites you but does no damage.
You hit the quokka.
The quokka is severely wounded.
The quokka barely misses you. The giant cockroach closely misses you.
You barely miss the quokka.
The quokka is severely wounded.
The giant cockroach misses you. The quokka bites you.
* * * LOW HITPOINT WARNING * * *
You closely miss the quokka.
The quokka is heavily wounded.
The quokka bites you.
You die...

... ... .>......
...###......#
.......[....######
................#
#........#.....###
#......#.#........
..###...##B#........
.......†Sr@..###....
........r###..### #
.........# ##...##
.........#####...##
######......##....## .
..............## ..
...........###..# ###.#
....####....####.###...
#..........#..###


You could see a quokka, a giant cockroach, a ball python and a rat.

Vanquished Creatures
  A bat (D:1)
  3 endoplasms (D:1)
  A rat (D:1)
5 creatures vanquished.

Notes
Turn   | Place    | Note
-------+----------+-------------------------------------------
     0 | D:1      | Curundu the Merfolk Berserker began the quest for the Orb.
     0 | D:1      | Reached XP level 1. HP: 18/18 MP: 1/1
    94 | D:1      | Slain by a quokka

Illustrated notes

Levels and vault maps discovered:
D:1:      orjb1_lava_funnel, layout_basic

Action                     || total
---------------------------++-------
  Melee: Spear             ||    21
 Armour: Animal skin       ||    12
  Dodge: Dodged            ||    14

Table legend: (Time is in decaauts)
 A = Elapsed time spent in this place.
 B = Non-inter-level travel time spent in this place.
 C = Inter-level travel time spent in this place.
 D = Time resting spent in this place.
 E = Time spent auto-exploring this place.
 F = Levels seen in this place.
 G = Mean time per level.
                   A        B        C        D        E       F      G
               +--------+--------+--------+--------+--------+-----+--------+
         Total |     91 |     91 |      0 |      0 |     35 |   1 |   91.0 |
       Dungeon |     91 |     91 |      0 |      0 |     35 |   1 |   91.0 |
               +--------+--------+--------+--------+--------+-----+--------+

Top non-repeatable levels by time:
     D:1: 91 daAuts
